AoeStats
← FishCrates

Pilgrims

509185989Analyzed
3v3 RM · 6d ago on Sep 25, 2026· 24m 46s· 6 players
Game mode
Random Map
Map size
Normal (6 player)
Population
200
Speed
Normal
Resources
Standard
Victory
Conquest
Starting age
Dark Age
Ending age
Imperial Age
RankedLock teamsTeams togetherTeam positionsShared explorationLock speedFull tech treeHidden civsTurbo modeCheats
Victory
Defeat
🇩🇪 Danes · Germany
1669
+10
🇩🇪 Dravidians · Germany
1530
+16
🇩🇪 Persians · Germany
1395
+21
🇺🇸 Armenians · United States
1540
-16
🇺🇸 Britons · United States
1540
-16
🇺🇸 Varangians · United States
1496
-15
DeltaFish
3:52 Loom
11:40 Feudal Age
12:57 Wheelbarrow
17:44 Castle Age
16:46 Double-Bit Axe
17:42 Fletching
21:49 Bow Saw
washed_king
8:46 Loom
11:54 Feudal Age
15:44 Castle Age
13:38 Stone Mining
24:10 Double-Bit Axe
24:08 Horse Collar
FishCrates
11:16 Feudal Age
9:34 Loom
12:21 Loom
15:01 Castle Age
17:55 Horse Collar
18:02 Double-Bit Axe
18:15 Gold Mining
19:01 Bow Saw
18:42 Fletching
21:55 Bodkin Arrow
Saint Martinique
11:56 Feudal Age
12:31 Double-Bit Axe
14:10 Wheelbarrow
13:31 Gold Mining
18:30 Castle Age
16:38 Fishing Lines
17:32 Scale Barding Armor
18:12 Bloodlines
18:15 Forging
18:19 Loom
19:51 Gillnets
22:17 Hand Cart
22:55 Fletching
orangefaser
12:31 Feudal Age
10:48 Loom
13:13 Gold Mining
13:11 Double-Bit Axe
13:27 Fishing Lines
18:35 Castle Age
17:07 Scale Barding Armor
17:46 Stone Mining
18:10 Forging
18:19 Bloodlines
20:50 Chain Barding Armor
22:23 Husbandry
22:33 Fletching
Falsche Haut
6:04 Loom
10:37 Feudal Age
11:35 Fishing Lines
12:39 Forging
18:01 Castle Age
17:04 Double-Bit Axe
17:55 Gold Mining
21:07 Wheelbarrow
21:31 Gillnets
24:04 Hand Cart
23:30 Horse Collar
23:42 Stone Mining
25:20 Bow Saw
Connection lost

Rejoining the realm…

Still unreachable

The connection could not be restored.

Session expired

The server has moved on; the page needs a fresh start.